 Dungeon Crawl Stone Soup version 0.29.1-12-g30fa7ad0bf (webtiles) character file.

Game seed: 9704329742675965347

9 112233 the Caller (level 2, -4/15 HPs)
             Began as a Deep Elf Summoner on Dec 18, 2022.
             Slain by a gnoll
             ... wielding a +0 whip
              (8 damage)
             ... on level 1 of the Dungeon.
             The game lasted 00:00:21 (601 turns).

112233 the Caller (Deep Elf Summoner)                Turns: 601, Time: 00:00:21

Health: -4/15      AC:  2    Str:  5    XL:     2   Next: 3%
Magic:  5/8        EV: 13    Int: 19    God:
Gold:   10         SH:  0    Dex: 15    Spells: 4/7 levels left

rFire   . . .      SeeInvis .   (no weapon)
rCold   . . .      Faith    .   (no shield)
rNeg    . . .      Spirit   .   a - +0 robe
rPois   .          Reflect  .   (no helmet)
rElec   .          Harm     .   (no cloak)
rCorr   .          Rampage  .   (no gloves)
Will    .....                   (no boots)
Stlth   ++........              (no amulet)
HPRegen 0.05/turn               (no ring)
MPRegen 0.11/turn               (no ring)

@: no status effects
A: no striking features
a: no special abilities


You were on level 1 of the Dungeon.
You visited 1 branch of the dungeon, and saw 1 of its levels.

You collected 10 gold pieces.

Inventory:

Hand Weapons
 c - a +0 dagger
Armour
 a - a +0 robe (worn)
Scrolls
 d - a scroll of magic mapping {unknown}
Potions
 b - a potion of magic


   Skills:
 + Level 2.7 Dodging
 + Level 2.7 Stealth
 + Level 3.2 Spellcasting
 + Level 4.5 Summonings


You had 4 spell levels left.
You knew the following spells:

 Your Spells              Type           Power      Damage    Failure   Level
a - Summon Small Mammal   Summ           80%        N/A       2%          1
b - Call Imp              Summ           20%        N/A       3%          2

Your spell library contained the following spells:

 Spells                   Type           Power      Damage    Failure   Level
 Call Canine Familiar     Summ           20%        N/A       7%          3
 Summon Guardian Golem    Hex/Summ       11%        N/A       19%         3
 Summon Lightning Spire   Summ/Air       11%        N/A       52%         4


Dungeon Overview and Level Annotations

Branches:
Dungeon (1/15)

Altars:


Message History

A gnoll comes into view. It is wielding a +0 whip.
A gnoll is nearby!
A gnoll is nearby!
A gnoll is nearby!
Casting: Summon Small Mammal (safe; 2% risk of failure)
Confirm with . or Enter, or press ? or * to list all spells.
Your bat disappears in a puff of smoke!
The gnoll shouts!
A ball python comes into view.
The gnoll hits your rat with a +0 whip.
Your rat dies!
Your rat's corpse disappears in a puff of smoke!
Your quokka disappears in a puff of smoke!
The gnoll misses you.
Casting: Summon Small Mammal (safe; 2% risk of failure)
Confirm with . or Enter, or press ? or * to list all spells.
A beastly little devil appears in a puff of frigid air.
The ball python closely misses you. The ball python grabs you.
The ball python constricts you. The gnoll hits you with a +0 whip.
The ball python closely misses you. The ball python constricts you.
The gnoll completely misses you.
Your white imp hits the gnoll but does no damage.
Unknown command.
You escape the ball python's grasp.
The gnoll attacks as you move away! The gnoll barely misses you.
Casting: Call Imp (safe; 3% risk of failure)
Confirm with . or Enter, or press ? or * to list all spells.
The ball python bites you but does no damage.
The ball python closely misses you.
Your white imp hits the gnoll.
Your white imp freezes the gnoll.
The gnoll hits you with a +0 whip.
Your bat closely misses the ball python.
The ball python bites you.
* * * LOW HITPOINT WARNING * * *
The ball python barely misses you.
Your white imp barely misses the gnoll.
Your bat hits the gnoll but does no damage.
The gnoll closely misses you.
Unknown command.
The gnoll attacks as you move away! The gnoll hits you with a +0 whip!
Ouch! That really hurt!
You die...

###.....~~~≈≈≈≈≈
#......P~~≈≈≈≈≈#
#.#...~.≈≈≈≈≈###
##.#..~~P~≈~≈##
##....P≈~≈≈≈~~..
#....~~≈≈≈≈~.....
#...~.~P≈≈P.~....
#..~~.≈≈≈P.~....
#@b.~~~≈≈~.....
#Sg.~≈≈≈PP~
#5..~≈≈≈~.~
...~~≈≈≈~~.
#....≈≈≈~~.
#.†P.P≈≈~~
#.$~~≈≈≈~~
#...~≈≈~~.
#...~≈~P~.


You could see a gnoll (ally target), a ball python (ally target), a friendly
white imp (summoned) and a friendly bat (summoned).

Vanquished Creatures (collateral kills)
  2 giant cockroaches (D:1)
  A goblin (D:1)
  3 hobgoblins (D:1)
  A frilled lizard (D:1)
7 creatures vanquished.

Notes
Turn   | Place    | Note
-------+----------+-------------------------------------------
     0 | D:1      | 112233 the Deep Elf Summoner began the quest for the Orb.
     0 | D:1      | Reached XP level 1. HP: 10/10 MP: 6/6
   559 | D:1      | Reached XP level 2. HP: 15/15 MP: 5/8
   562 | D:1      | Learned a level 2 spell: Call Imp
   601 | D:1      | Slain by a gnoll

Illustrated notes

Levels and vault maps discovered:
D:1:      minmay_arrival_jagged, layout_loops_cross,
          hellmonk_ecumenical_altar_inner_sanctum, chequers_big_river

Action                   || total
-------------------------++-------
 Cast: Summon Small Mamm ||    18
       Call Imp          ||     1
Armor: Robe              ||     1
Dodge: Dodged            ||    14
